| TOP OF THE 1ST |
|
Toronto Blue Jays batting - Pitching for Baltimore Orioles : LHP David Wells
|
|
Pitching: LHP David Wells
|
|
|
Batting: RHB Derek Jeter
|
0-0: Ball 1-0: Called Strike 1-1: Ball 2-1: Foul Ball, location: 2F 2-2: Ball 3-2: Foul Ball, location: 2F 3-2: Base on Balls
|
|
Batting: LHB Will Clark
|
0-0: Swinging Strike 0-1: Ball 1-1: Ball 2-1: Ball 3-1: Foul Ball, location: 2F 3-2: Strikes out looking
|
|
Batting: RHB Mark McGwire
|
0-0: Ball 1-0: Ball 2-0: Foul Ball, location: 2F 2-1: Ball 3-1: Called Strike 3-2: Grounds into double play, 6-4-3 (Groundball, 56, EV 91.3 MPH)
|
| Top of the 1st over - 0 runs, 0 hits, 0 errors, 0 left on base; Toronto 0 - Baltimore 0 |
| BOTTOM OF THE 1ST |
|
Baltimore Orioles batting - Pitching for Toronto Blue Jays : LHP John Smiley
|
|
Pitching: LHP John Smiley
|
|
|
Batting: LHB Bill Spiers
|
0-0: Called Strike 0-1: SINGLE (Flyball, 9LM, EV 91.9 MPH)
|
|
Batting: LHB Troy O'Leary
|
0-0: Ball 1-0: SINGLE (Groundball, 34D, EV 96.3 MPH) Bill Spiers to second Runner from 2nd tries for 3rd, SAFE, throw by RF made to third
|
|
Batting: LHB Kenny Lofton
|
0-0: Called Strike 0-1: Ground out 3-1 (Groundball, 3S, EV 78.8 MPH) Bill Spiers scores Troy O'Leary to second
|
|
Batting: LHB Matt Franco
|
0-0: Called Strike 0-1: Ball 1-1: Foul Ball, location: 2F 1-2: Strikes out swinging
|
|
Batting: RHB Lyle Mouton
|
0-0: Ball 1-0: Foul Ball, location: 2F 1-1: 2-RUN HOME RUN (Flyball, 7D, EV 109.4 MPH), Distance : 379 ft
|
|
Batting: RHB Kelly Gruber
|
0-0: Called Strike 0-1: Ball 1-1: Swinging Strike 1-2: Foul Ball, location: 2F 1-2: Ground out 5-3 (Groundball, 56, EV 78.1 MPH)
|
| Bottom of the 1st over - 3 runs, 3 hits, 0 errors, 0 left on base; Toronto 0 - Baltimore 3 |
| TOP OF THE 2ND |
|
Toronto Blue Jays batting - Pitching for Baltimore Orioles : LHP David Wells
|
|
Batting: RHB Ellis Burks
|
0-0: Called Strike 0-1: Called Strike 0-2: Ball 1-2: Foul Ball, location: 2F 1-2: Ball 2-2: Ball 3-2: Base on Balls
|
|
Batting: RHB Mike Simms
|
0-0: Foul Ball, location: 2F 0-1: SINGLE (Groundball, 56D, EV 96.3 MPH) Ellis Burks to second
|
|
Batting: RHB Dean Palmer
|
0-0: Ball 1-0: Ball 2-0: Called Strike 2-1: Foul Ball, location: 2F 2-2: Foul Ball, location: 2F 2-2: DOUBLE (Line Drive, 5D, EV 106.9 MPH) Ellis Burks scores Mike Simms to third Runner from 3rd tries for Home, SAFE, throw by LF to home
|
|
Batting: RHB Hector Villanueva
|
0-0: Called Strike 0-1: Ball 1-1: Foul Ball, location: 2F 1-2: Ball 2-2: Foul Ball, location: 2F 2-2: SINGLE (Line Drive, 78M, EV 108.1 MPH) Dean Palmer to third
|
|
Batting: RHB Darrin Jackson
|
0-0: SINGLE (Groundball, 6MD, EV 108.8 MPH) Dean Palmer scores Hector Villanueva to second
|
|
Batting: SHB Torey Lovullo
|
0-0: Ball 1-0: Grounds into double play, 6-4-3 (Groundball, 6, EV 104.4 MPH) Hector Villanueva to third
|
|
Batting: RHB Derek Jeter
|
0-0: Ball 1-0: Called Strike 1-1: Foul Ball, location: 2F 1-2: Foul Ball, location: 2F 1-2: Ground out 5-3 (Groundball, 56, EV 110.0 MPH)
|
| Top of the 2nd over - 3 runs, 4 hits, 0 errors, 1 left on base; Toronto 3 - Baltimore 3 |
| BOTTOM OF THE 2ND |
|
Baltimore Orioles batting - Pitching for Toronto Blue Jays : LHP John Smiley
|
|
Batting: RHB Jim Leyritz
|
0-0: Swinging Strike 0-1: SINGLE (Groundball, 56D, EV 98.8 MPH)
|
|
Batting: RHB Alvaro Espinoza
|
0-0: Ball 1-0: Foul Ball, location: 2F 1-1: 2-RUN HOME RUN (Flyball, 7LD, EV 105.6 MPH), Distance : 332 ft
|
|
Batting: RHB Ed Sprague Jr.
|
0-0: Ball 1-0: Ball 2-0: Called Strike 2-1: Ball 3-1: Ground out 6-3 (Groundball, 6, EV 88.1 MPH)
|
|
Batting: LHB Bill Spiers
|
0-0: Called Strike 0-1: Ground out 4-3 (Groundball, 4, EV 100.0 MPH)
|
|
Batting: LHB Troy O'Leary
|
0-0: SINGLE (Groundball, 56S, EV 69.4 MPH) (infield hit)
|
|
Batting: LHB Kenny Lofton
|
0-0: SINGLE (Line Drive, 78S, EV 103.1 MPH) Troy O'Leary to second
|
|
Batting: LHB Matt Franco
|
0-0: Called Strike 0-1: Ball 1-1: Foul Ball, location: 2F 1-2: Ball 2-2: Strikes out swinging
|
| Bottom of the 2nd over - 2 runs, 4 hits, 0 errors, 2 left on base; Toronto 3 - Baltimore 5 |
| TOP OF THE 3RD |
|
Toronto Blue Jays batting - Pitching for Baltimore Orioles : LHP David Wells
|
|
Batting: LHB Will Clark
|
0-0: Ball 1-0: SINGLE (Line Drive, 4D, EV 103.8 MPH)
|
|
Batting: RHB Mark McGwire
|
0-0: Ball 1-0: Ball 2-0: Called Strike 2-1: Ground out 5-3 (Groundball, 56S, EV 66.9 MPH) Will Clark to second
|
|
Batting: RHB Ellis Burks
|
0-0: Foul Ball, location: 2F 0-1: Ball 1-1: Foul Ball, location: 2F 1-2: Foul Ball, location: 2F Balk! Will Clark to third 1-2: SINGLE (Groundball, 6MD, EV 107.5 MPH) Will Clark scores
|
|
Batting: RHB Mike Simms
|
0-0: 2-RUN HOME RUN (Flyball, 7LD, EV 103.8 MPH), Distance : 330 ft
|
|
Batting: RHB Dean Palmer
|
0-0: Foul Ball, location: 2F 0-1: Ball 1-1: Foul Ball, location: 2F 1-2: Fly out, F4 (Popup, 4D, EV 71.3 MPH)
|
|
Batting: RHB Hector Villanueva
|
0-0: Ball 1-0: Called Strike 1-1: Ball 2-1: Fly out, F7 (Flyball, 7D, EV 97.5 MPH)
|
| Top of the 3rd over - 3 runs, 3 hits, 0 errors, 0 left on base; Toronto 6 - Baltimore 5 |
| BOTTOM OF THE 3RD |
|
Baltimore Orioles batting - Pitching for Toronto Blue Jays : LHP John Smiley
|
|
Batting: RHB Lyle Mouton
|
0-0: Foul Ball, location: 2F 0-1: Ground out 6-3 (Groundball, 6, EV 103.1 MPH)
|
|
Batting: RHB Kelly Gruber
|
0-0: Ball 1-0: Ground out 5-3 (Groundball, 56, EV 87.5 MPH)
|
|
Batting: RHB Jim Leyritz
|
0-0: Ball 1-0: Called Strike 1-1: Called Strike 1-2: Strikes out swinging
|
| Bottom of the 3rd over - 0 runs, 0 hits, 0 errors, 0 left on base; Toronto 6 - Baltimore 5 |
| TOP OF THE 4TH |
|
Toronto Blue Jays batting - Pitching for Baltimore Orioles : LHP David Wells
|
|
Batting: RHB Darrin Jackson
|
0-0: Ball 1-0: Ball 2-0: Called Strike 2-1: Foul Ball, location: 2F 2-2: Strikes out swinging
|
|
Batting: SHB Torey Lovullo
|
0-0: Called Strike 0-1: Ball 1-1: Ball 2-1: Called Strike 2-2: Strikes out looking
|
|
Batting: RHB Derek Jeter
|
0-0: Ball 1-0: Fly out, F2 (Popup, 23F, EV 81.3 MPH)
|
| Top of the 4th over - 0 runs, 0 hits, 0 errors, 0 left on base; Toronto 6 - Baltimore 5 |
| BOTTOM OF THE 4TH |
|
Baltimore Orioles batting - Pitching for Toronto Blue Jays : LHP John Smiley
|
|
Batting: RHB Alvaro Espinoza
|
0-0: Foul Ball, location: 2F 0-1: Called Strike 0-2: Ground out U3 (Groundball, 34, EV 104.4 MPH)
|
|
Batting: RHB Ed Sprague Jr.
|
0-0: Called Strike 0-1: Swinging Strike 0-2: Ball 1-2: Ball 2-2: Strikes out swinging
|
|
Batting: LHB Bill Spiers
|
0-0: Ground out 4-3 (Groundball, 4, EV 80.6 MPH)
|
| Bottom of the 4th over - 0 runs, 0 hits, 0 errors, 0 left on base; Toronto 6 - Baltimore 5 |
| TOP OF THE 5TH |
|
Toronto Blue Jays batting - Pitching for Baltimore Orioles : LHP David Wells
|
|
Batting: LHB Will Clark
|
0-0: Ball 1-0: Ball 2-0: Ground out 2-3 (Groundball, 2L, EV 70.6 MPH)
|
|
Batting: RHB Mark McGwire
|
0-0: Ball 1-0: Ground out 5-3 (Groundball, 5, EV 100.6 MPH)
|
|
Batting: RHB Ellis Burks
|
0-0: Fly out, F8 (Flyball, 89D, EV 103.1 MPH)
|
| Top of the 5th over - 0 runs, 0 hits, 0 errors, 0 left on base; Toronto 6 - Baltimore 5 |
| BOTTOM OF THE 5TH |
|
Baltimore Orioles batting - Pitching for Toronto Blue Jays : LHP John Smiley
|
|
Batting: LHB Troy O'Leary
|
0-0: Swinging Strike 0-1: Swinging Strike 0-2: Ball 1-2: Ball 2-2: Strikes out swinging
|
|
Batting: LHB Kenny Lofton
|
0-0: Swinging Strike 0-1: Ball 1-1: Ground out 5-3 (Groundball, 56, EV 82.5 MPH)
|
|
Batting: LHB Matt Franco
|
0-0: Ball 1-0: Foul Ball, location: 2F 1-1: Ball 2-1: Foul Ball, location: 2F 2-2: Ground out 5-3 (Groundball, 5, EV 81.9 MPH)
|
| Bottom of the 5th over - 0 runs, 0 hits, 0 errors, 0 left on base; Toronto 6 - Baltimore 5 |
| TOP OF THE 6TH |
|
Toronto Blue Jays batting - Pitching for Baltimore Orioles : LHP David Wells
|
|
Batting: RHB Mike Simms
|
0-0: Ball 1-0: Fly out, F6 (Popup, 6MS, EV 72.5 MPH)
|
|
Batting: RHB Dean Palmer
|
0-0: Ball 1-0: Called Strike 1-1: SINGLE (Flyball, 7S, EV 91.9 MPH)
|
|
Batting: RHB Hector Villanueva
|
0-0: SINGLE (Groundball, 3, EV 89.4 MPH) (infield hit) Dean Palmer to second
|
|
Pitching: RHP T J Mathews
|
|
|
Batting: RHB Darrin Jackson
|
0-0: Ball 1-0: 3-RUN HOME RUN (Flyball, 7D, EV 98.8 MPH), Distance : 366 ft
|
|
Batting: SHB Torey Lovullo
|
0-0: Called Strike 0-1: Ball 1-1: Swinging Strike 1-2: Strikes out looking
|
|
Batting: RHB Derek Jeter
|
0-0: Foul Ball, location: 2F 0-1: Ball 1-1: Swinging Strike 1-2: Foul Ball, location: 2F 1-2: Ball 2-2: Strikes out looking
|
| Top of the 6th over - 3 runs, 3 hits, 0 errors, 0 left on base; Toronto 9 - Baltimore 5 |
| BOTTOM OF THE 6TH |
|
Baltimore Orioles batting - Pitching for Toronto Blue Jays : LHP John Smiley
|
|
Batting: RHB Lyle Mouton
|
0-0: Called Strike 0-1: Foul Ball, location: 2F 0-2: Ball 1-2: Strikes out swinging
|
|
Batting: RHB Kelly Gruber
|
0-0: Ball 1-0: Foul Ball, location: 2F 1-1: DOUBLE (Flyball, 89D, EV 105.0 MPH)
|
|
Batting: RHB Jim Leyritz
|
0-0: Ground out 5-3 (Groundball, 56, EV 91.9 MPH)
|
|
Batting: RHB Alvaro Espinoza
|
0-0: Called Strike 0-1: Swinging Strike 0-2: Ball 1-2: Strikes out swinging
|
| Bottom of the 6th over - 0 runs, 1 hit, 0 errors, 1 left on base; Toronto 9 - Baltimore 5 |
| TOP OF THE 7TH |
|
Toronto Blue Jays batting - Pitching for Baltimore Orioles : RHP T J Mathews
|
|
Batting: LHB Will Clark
|
0-0: Ball 1-0: Called Strike 1-1: Foul Ball, location: 2F 1-2: Ball 2-2: Strikes out looking
|
|
Batting: RHB Mark McGwire
|
0-0: Ball 1-0: Ball 2-0: Called Strike 2-1: Foul Ball, location: 2F 2-2: Ball 3-2: Strikes out swinging
|
|
Batting: RHB Ellis Burks
|
0-0: Ball 1-0: Ground out U3 (Groundball, 34S, EV 75.0 MPH)
|
| Top of the 7th over - 0 runs, 0 hits, 0 errors, 0 left on base; Toronto 9 - Baltimore 5 |
| BOTTOM OF THE 7TH |
|
Baltimore Orioles batting - Pitching for Toronto Blue Jays : LHP John Smiley
|
|
Batting: RHB Ed Sprague Jr.
|
0-0: Called Strike 0-1: Foul Ball, location: 2F 0-2: Strikes out swinging
|
|
Batting: LHB Bill Spiers
|
0-0: Foul Ball, location: 2F 0-1: Swinging Strike 0-2: Ball 1-2: Foul Ball, location: 2F 1-2: Ball 2-2: SINGLE (Flyball, 9LM, EV 105.0 MPH)
|
|
Batting: LHB Troy O'Leary
|
0-0: Fly out, F7 (Flyball, 7S, EV 91.3 MPH)
|
|
Batting: LHB Kenny Lofton
|
0-0: Ball 1-0: Foul Ball, location: 2F 1-1: Foul Ball, location: 2F 1-2: Ball 2-2: Ball Bill Spiers steals 2nd base 3-2: Ground out 3-1 (Groundball, 34, EV 90.0 MPH)
|
| Bottom of the 7th over - 0 runs, 1 hit, 0 errors, 1 left on base; Toronto 9 - Baltimore 5 |
| TOP OF THE 8TH |
|
Toronto Blue Jays batting - Pitching for Baltimore Orioles : RHP T J Mathews
|
|
Batting: RHB Mike Simms
|
0-0: Swinging Strike 0-1: Foul Ball, location: 2F 0-2: Strikes out looking
|
|
Batting: RHB Dean Palmer
|
0-0: Fly out, F4 (Popup, 34S, EV 76.9 MPH)
|
|
Batting: RHB Hector Villanueva
|
0-0: Foul Ball, location: 2F 0-1: Fly out, F7 (Flyball, 7LM, EV 95.0 MPH)
|
| Top of the 8th over - 0 runs, 0 hits, 0 errors, 0 left on base; Toronto 9 - Baltimore 5 |
| BOTTOM OF THE 8TH |
|
Baltimore Orioles batting - Pitching for Toronto Blue Jays : LHP John Smiley
|
|
Pitching: LHP German Jimenez
|
|
|
Batting: LHB Matt Franco
|
0-0: Ground out 3-1 (Groundball, 3S, EV 90.6 MPH)
|
|
Batting: RHB Lyle Mouton
|
0-0: Ball 1-0: Ball 2-0: Called Strike 2-1: Foul Ball, location: 2F 2-2: Fly out, F9 (Line Drive, 9D, EV 101.9 MPH)
|
|
Batting: RHB Kelly Gruber
|
0-0: Ball 1-0: Ball 2-0: Called Strike 2-1: Ball 3-1: SINGLE (Groundball, 56, EV 106.9 MPH) (infield hit)
|
|
Batting: RHB Jim Leyritz
|
0-0: Swinging Strike 0-1: Foul Ball, location: 2F 0-2: Foul Ball, location: 2F 0-2: Fielders Choice at 2nd, 5-4 (Groundball, 56, EV 101.3 MPH)
|
| Bottom of the 8th over - 0 runs, 1 hit, 0 errors, 1 left on base; Toronto 9 - Baltimore 5 |
| TOP OF THE 9TH |
|
Toronto Blue Jays batting - Pitching for Baltimore Orioles : RHP T J Mathews
|
|
Batting: RHB Darrin Jackson
|
0-0: Ball 1-0: Ball 2-0: Swinging Strike 2-1: SINGLE (Line Drive, 8RS, EV 108.8 MPH)
|
|
Pitching: RHP Russ Springer
|
|
|
Batting: SHB Torey Lovullo
|
0-0: Bunt missed! 0-1: Bunt missed! 0-2: Ball Balk! Darrin Jackson to second 1-2: Fly out, F8 (Flyball, 8LS, EV 87.5 MPH)
|
|
Batting: RHB Derek Jeter
|
0-0: Ball 1-0: Called Strike 1-1: Swinging Strike 1-2: Ground out 1-3 (Groundball, 15S, EV 69.4 MPH)
|
|
Batting: LHB Will Clark
|
0-0: Ground out 1-3 (Groundball, 34S, EV 68.8 MPH)
|
| Top of the 9th over - 0 runs, 1 hit, 0 errors, 1 left on base; Toronto 9 - Baltimore 5 |
| BOTTOM OF THE 9TH |
|
Baltimore Orioles batting - Pitching for Toronto Blue Jays : LHP German Jimenez
|
|
Batting: RHB Alvaro Espinoza
|
0-0: Called Strike 0-1: Called Strike 0-2: Ball 1-2: Ball 2-2: Foul Ball, location: 2F 2-2: Ball 3-2: Foul Ball, location: 2F 3-2: Foul Ball, location: 2F 3-2: Ground out 4-3 (Groundball, 4, EV 85.6 MPH)
|
|
Batting: RHB Ed Sprague Jr.
|
0-0: Called Strike 0-1: Called Strike 0-2: Foul Ball, location: 2F 0-2: Fly out, F7 (Flyball, 7, EV 76.3 MPH)
|
|
Batting: LHB Bill Spiers
|
0-0: Ball 1-0: Ball 2-0: Ball 3-0: SINGLE (Groundball, 4MD, EV 106.9 MPH)
|
|
Batting: LHB Troy O'Leary
|
0-0: Ball 1-0: Called Strike 1-1: TRIPLE (Line Drive, 9D, EV 102.5 MPH) Bill Spiers scores
|
|
Batting: LHB Kenny Lofton
|
0-0: Ground out 3-1 (Groundball, 34, EV 97.5 MPH)
|
| Bottom of the 9th over - 1 run, 2 hits, 0 errors, 1 left on base; Toronto 9 - Baltimore 6 |
|